 Dungeon Crawl Stone Soup version 0.26-a0-784-g51bffae0b1 (console) character file.

Game seed: 6617191207370700817

11 Ignak the Ogre Mage (level 2, -1/26 HPs)
             Began as an Ogre Hedge Wizard on Nov 10, 2020.
             Slain by Sigmund
             ... wielding a +0 scythe of freezing
              (9 damage)
             ... on level 2 of the Dungeon.
             The game lasted 00:01:48 (1573 turns).

Ignak the Ogre Mage (Ogre Hedge Wizard)             Turns: 1573, Time: 00:01:50

Health: -1/26      AC:  3    Str: 13    XL:     2   Next: 29%
Magic:  0/6        EV: 10    Int: 15    God:
Gold:   34         SH:  0    Dex:  8    Spells: 5/8 levels left

rFire    . . .     SeeInvis .   m - +0 club
rCold    . . .     Faith    .   (no shield)
rNeg     . . .     Spirit   .   b - +0 robe
rPois    .         Reflect  .   c - +0 hat
rElec    .         Harm     .   (no cloak)
rCorr    .         Rampage  .   (gloves unavailable)
MR       .....                  (boots unavailable)
Stlth    +.........             (no amulet)
HPRegen  0.08/turn              (no ring)
MPRegen  0.10/turn              (no ring)

@: very slightly contaminated
A: large, unfitting armour, tough skin 1
a: no special abilities


You were on level 2 of the Dungeon.
You visited 1 branch of the dungeon, and saw 2 of its levels.

You collected 34 gold pieces.

Inventory:

Hand Weapons
 m - a +0 club (weapon)
Armour
 b - a +0 robe (worn)
 c - a +0 hat (worn)
Scrolls
 d - 3 scrolls of enchant armour {unknown}
 e - 2 scrolls of identify {unknown}
 f - a scroll of enchant weapon {unknown}
 g - a scroll of fog {unknown}
 h - a scroll of fear {unknown}
 k - a scroll of amnesia {unknown}
 l - a scroll of remove curse {unknown}
 n - a scroll of teleportation {unknown}
Potions
 a - a potion of brilliance {unknown}
 i - a potion of heal wounds {unknown}
 j - a potion of curing {unknown}


   Skills:
 + Level 0.8 Fighting
 * Level 0.2 Maces & Flails
 + Level 2.0 Dodging
 - Level 1.4 Stealth
 + Level 0.4 Unarmed Combat
 + Level 3.7 Spellcasting
 + Level 1.1 Conjurations
 - Level 0.8 Summonings
   Level 0.8 Translocations


You had 5 spell levels left.
You knew the following spells:

 Your Spells              Type           Power        Failure   Level
a - Magic Dart            Conj           #...         12%         1
e - Call Imp              Summ           #.......     21%         2

Your spell library contained the following spells:

 Spells                   Type           Power        Failure   Level
 Blink                    Tloc           N/A          21%         2
 Slow                     Hex            #.......     28%         2
 Conjure Flame            Conj/Fire      #.......     41%         3
 Mephitic Cloud           Conj/Pois/Air  #.......     43%         3


Dungeon Overview and Level Annotations

Branches:
Dungeon (2/15)

Altars:

Annotations:
D:2 Sigmund


Innate Abilities, Weirdness & Mutations

You are too large for most types of armour.
You have tough skin. (AC +1)


Message History

You are very lightly contaminated with residual magic.
Nothing appears to happen.
Your crimson imp blinks!
Casting: Call Imp (safe; 21% risk of failure)
Confirm with . or Enter, or press ? or * to list all spells.
A beastly little devil appears in a puff of flame.
Sigmund hits you from afar with a +0 scythe of freezing.
Sigmund freezes you. What are your orders? t - Shout!
Orders for allies: a - Attack new target. r - Retreat! s - Stop attacking. g - Guard the area. f - Follow me.
Anything else - Cancel.
Gang up on whom?
Press: ? - help, Dir - move target cursor, f - Sigmund
Aim: Sigmund, wielding a +0 scythe of freezing and wearing a +0 robe (lightly wounded) Attack!
Sigmund hits you from afar with a +0 scythe of freezing!
You die...

#.##.# #.# ##.#####
...#####.##.# #.# #.#
.....{.5..5.# #.# ##.#
...#####.##.# #.## #..#
#.##.# #..# #.## # #.
####.##.####.# #.# #
#.##.........@..#####.#
#
#.......)(.###ยง...5...#
# #.....####.#
#.@#####.# ######
.#..........#
#..>5>...#####.....
.........####
##.#####...........
#.......#######.#
#.#####.####
.#.....).........# #.#
#.# .........#########
#.# #.# ####....#######
#.## #.#
##.#.......###### #..#
#.# #.#######......#
#..# #.#


You could see Sigmund and 2 friendly crimson imps.

Vanquished Creatures
  A giant cockroach (D:1)
  A goblin (D:1)
  A hobgoblin (D:2)
  2 ball pythons (D:1)
  A bat (D:1)
  2 frilled lizards (D:1)
  2 rats
10 creatures vanquished.

Vanquished Creatures (collateral kills)
  A worm (D:2)
1 creature vanquished.

Grand Total: 11 creatures vanquished

Notes
Turn   | Place    | Note
-------+----------+-------------------------------------------
     0 | D:1      | Ignak the Ogre Hedge Wizard began the quest for the Orb.
     0 | D:1      | Reached XP level 1. HP: 16/16 MP: 5/5
   397 | D:1      | Reached skill level 1 in Conjurations
   693 | D:1      | Reached XP level 2. HP: 24/26 MP: 6/6
  1039 | D:2      | Learned a level 2 spell: Call Imp
  1255 | D:2      | Noticed Sigmund
  1573 | D:2      | Slain by Sigmund

Illustrated notes

Levels and vault maps discovered:
D:1:      psy_arrival_radial01, layout_basic
D:2:      layout_loops_ring, minitemple, uniq_terence, uniq_sigmund

Skill      XL: |  1  2 |
---------------+-------+-----
Conjurations   | 1 |  1.1
Dodging        | 2 |  2.0
Fighting       | |  0.8
Maces & Flails | |  0.2
Stealth        | |  1.4
Unarmed Combat | |  0.4
Spellcasting   | |  3.7
Summonings     | |  0.8
Translocations | |  0.8

Action                   || total
-------------------------++-------
Melee: Dagger            ||     8
       Club              ||    14
 Cast: Magic Dart        ||    11
       Call Imp          ||     7
Armor: Robe              ||     4
Dodge: Dodged            ||    17

Table legend: (Time is in decaauts)
 A = Elapsed time spent in this place.
 B = Non-inter-level travel time spent in this place.
 C = Inter-level travel time spent in this place.
 D = Time resting spent in this place.
 E = Time spent auto-exploring this place.
 F = Levels seen in this place.
 G = Mean time per level.
                   A        B        C        D        E       F      G
               +--------+--------+--------+--------+--------+-----+--------+
         Total |   1578 |   1542 |     36 |    577 |    766 |   2 |  789.0 |
       Dungeon |   1578 |   1542 |     36 |    577 |    766 |   2 |  789.0 |
               +--------+--------+--------+--------+--------+-----+--------+

Top non-repeatable levels by time:
     D:1: 1109 daAuts
     D:2: 468 daAuts
